 Dungeon Sprint DCSS version 0.20.1-1-g8b1a95d (webtiles) character file.

252 wojtek the Cleaver (level 5, -2/53 HPs)
             Began as a Minotaur Berserker on Dec 28, 2017.
             Was a Believer of Trog.
             Slain by a slime creature (12 damage)
             ... in the Dungeon (Sprint I: "Red Sonja").
             The game lasted 00:00:34 (390 turns).

wojtek the Cleaver (Minotaur Berserker)              Turns: 390, Time: 00:00:35

Health: -2/53      AC:  6    Str: 23    XL:     5   Next: 89%
Magic:  4/4        EV: 11    Int:  4    God:    Trog [**....]
Gold:   162        SH:  0    Dex:  9    Spells: 4/4 levels left

rFire    . . .     SeeInvis .   a - +0 hand axe
rCold    . . .     Gourm    .   (no shield)
rNeg     . . .     Faith    .   l - +0 ring mail (curse)
rPois    .         Spirit   .   (helmet restricted)
rElec    .         Reflect  .   (no cloak)
rCorr    .         Harm     .   (no gloves)
MR       .....     NoTele   +   (no boots)
Stlth    ..........             (no amulet)
Regen    0.2/turn               (no ring)
MPRegen  0.1/turn               (no ring)

@: no status effects
A: retaliatory headbutt, horns 2
a: Berserk, Trog's Hand, Burn Spellbooks, Renounce Religion


You were in the Dungeon.
You worshipped Trog.
Trog was pleased with you.
You were not hungry.

You visited 1 branch You collected 162 gold pieces.

Inventory:

Hand Weapons
 a - a +0 hand axe (weapon)
Armour
 b - a +0 animal skin
 l - a cursed +0 ring mail (worn)
Wands
 j - a wand of flame (18/48)
Scrolls
 i - a scroll of blinking
Potions
 d - a potion of curing
 e - a potion of heal wounds
 f - a potion of haste
 g - 2 potions of magic
 h - a potion of berserk rage
Comestibles
 c - a bread ration


   Skills:
 + Level 8.2 Fighting
 * Level 10.8 Axes
 + Level 7.7 Armour
 - Level 2.1 Dodging


You had 4 spell levels left.
You didn't know any spells.

Dungeon Overview and Level Annotations

Branches:
Dungeon (1/1)

Altars:
Makhleb
Xom
Jiyva
Lugonu


Innate Abilities, Weirdness & Mutations

You reflexively headbutt those who attack you in melee.
You have a pair of horns on your head.


Message History

The slime creature hits you!
You hit the slime creature. You headbutt the slime creature.
The slime creature is moderately wounded.
You slash the slime creature! You headbutt the slime creature!
The slime creature is severely wounded.
The slime creature hits you but does no damage.
You hit the slime creature. You headbutt the slime creature.
The slime creature is severely wounded.
The slime creature hits you!
* * * LOW HITPOINT WARNING * * *
You hit the slime creature. You headbutt the slime creature.
The slime creature is almost dead.
You slash the slime creature! You headbutt the slime creature.
The slime creature is almost dead.
The slime creature hits you.
* * * LOW HITPOINT WARNING * * *
You hit the slime creature.
The slime creature is almost dead.
The slime creature hits you!
You die...

###################
#<.#..').#..'..#__#
#..').#..').#..@J.+
#..#####'#####+#__#
#..# #..# ### #..#
#### #..# #⌠⌠# ####


You could see a slime creature.

Vanquished Creatures
  Sigmund (D)
  An ogre (D)
  Ijyb (D)
3 creatures vanquished.

Notes
Turn   | Place    | Note
-------+----------+-------------------------------------------
     0 | D        | wojtek the Minotaur Berserker began the quest for the Orb.
     0 | D        | Reached XP level 1. HP: 19/19 MP: 0/0
     1 | D        | Noticed Ijyb
     5 | D        | Killed Ijyb
     5 | D        | Reached skill level 5 in Axes
     5 | D        | Reached XP level 2. HP: 27/28 MP: 1/1
    99 | D        | Noticed an ogre
   106 | D        | Killed an ogre
   106 | D        | Reached skill level 8 in Axes
   106 | D        | Reached skill level 5 in Armour
   106 | D        | Reached XP level 3. HP: 24/38 MP: 2/2
   106 | D        | Reached XP level 4. HP: 28/45 MP: 3/3
   218 | D        | Noticed Sigmund
   228 | D        | Killed Sigmund
   228 | D        | Reached ** piety under Trog
   228 | D        | Reached skill level 10 in Axes
   228 | D        | Reached XP level 5. HP: 27/53 MP: 4/4
   377 | D        | Found a burning altar of Makhleb.
   377 | D        | Found a viscous altar of Jiyva.
   377 | D        | Found a shimmering altar of Xom.
   377 | D        | Found a corrupted altar of Lugonu.
   377 | D        | Noticed a slime creature
   390 | D        | Slain by a slime creature

Skill      XL: |  1  2  3  4 |
---------------+-------------+-----
Fighting       | 4 6 8 |  8.2
Axes           | 5 8 10 | 10.8
Armour         | 4 5 7 |  7.7
Dodging        | |  2.1

Action                   |  1- 3 |  4- 6 || total
-------------------------+-------+-------++-------
Melee: Hand axe          |     9 |    21 ||    30
       Headbutt          |     4 |     8 ||    12
Invok: Berserk           |     1 |       ||     1
Armor: Ring mail         |       |     3 ||     3
Dodge: Dodged            |     5 |     3 ||     8
